 Dungeon Crawl Stone Soup version 0.25-a0-160-gd1d2e81aba (webtiles) character file.

Game seed: 14007171942939869029, levelgen mode: deterministic

193 Myrm the Ruffian (level 5, 0/53 HPs)
             Began as a Troll Monk on Nov 21, 2019.
             Was a Believer of the Shining One.
             Slain by an orc priest
             ... wielding a +0 trident
              (4 damage)
             ... on level 3 of the Dungeon.
             The game lasted 00:18:34 (2386 turns).

Myrm the Ruffian (Troll Monk)                       Turns: 2386, Time: 00:18:34

Health: 0/53       AC:  7    Str: 18 (20) XL:     5   Next: 43%
Magic:  3/4        EV: 10    Int:  8 (10) God:    the Shining One [**....]
Gold:   183        SH:  0    Dex: 11 (12) Spells: 4/4 levels left

rFire    . . .     SeeInvis .   g - +1 rapier
rCold    . . .     Gourm    +   (no shield)
rNeg     + . .     Faith    .   a - +1 robe
rPois    .         Spirit   .   (helmet restricted)
rElec    .         Reflect  .   (no cloak)
rCorr    .         Harm     .   (gloves unavailable)
MR       .....                  (boots unavailable)
Stlth    +.........             c - amulet of rage
HPRegen  0.57/turn              e - +4 ring of intelligence
MPRegen  0.09/turn              (no ring)

@: berserk cooldown, slowed, glowing, very slow
A: large, unfitting armour, claws 3, fast metabolism 3, gourmand, regeneration
1, shaggy fur 1, tough skin 3
a: Divine Shield, Renounce Religion, Evoke Berserk Rage


You were on level 3 of the Dungeon.
You worshipped the Shining One.
The Shining One was pleased with you.
You were not hungry.

You visited 1 branch of the dungeon, and saw 3 of its levels.

You collected 183 gold pieces.

Inventory:

Hand Weapons
 d - a +2 short sword of speed
 g - a +1 rapier (weapon)
Armour
 a - a +1 robe (worn)
Jewellery
 c - an amulet of rage (around neck)
 e - a +4 ring of intelligence (left claw)
Scrolls
 f - 6 scrolls of identify
Comestibles
 b - 5 rations


   Skills:
 + Level 3.0 Fighting
 + Level 2.5 Short Blades
 + Level 3.1 Dodging
 + Level 1.3 Stealth
 + Level 3.5 Unarmed Combat
 + Level 0.1 Invocations


You had 4 spell levels left.
You didn't know any spells.
Your spell library contained the following spells:

 Spells                   Type           Power        Failure   Level  Hunger
 Confusing Touch          Hex            #.....       41%         1    ##.....
 Confuse                  Hex            #.......     78%         3    ####...
 Gell's Gravitas          Tloc           #.........   78%         3    ####...
 Petrify                  Tmut/Erth      #.......     99%         4    #####..
 Metabolic Englaciation   Hex/Ice        #.........   100%        5    ######.
 Yara's Violent Unravell  Hex/Tmut       #.........   100%        5    ######.


Dungeon Overview and Level Annotations

Branches:
Dungeon (3/15)

Altars:
Gozag
The Shining One


Innate Abilities, Weirdness & Mutations

You are too large for most types of armour.
You have claws for hands.
Your metabolism is lightning-fast.
You like to eat raw meat.
Your natural rate of healing is unusually fast.
You are covered in fur. (AC +1)
You have extremely tough skin. (AC +3)


Message History

The orc priest hits you but does no damage. x2
You barely miss the orc priest.
The orc priest is lightly wounded.
You block the orc priest's attack.
You hit the orc priest.
The orc priest is lightly wounded.
Your divine shield fades away.
The orc priest hits you but does no damage. x2
You hit the orc priest but do no damage.
The orc priest is lightly wounded.
The orc priest hits you with a +0 trident.
* * * LOW HITPOINT WARNING * * *
You hit the orc priest.
The orc priest is moderately wounded.
The orc priest looks braver for a moment.
The orc priest hits you but does no damage.
You puncture the orc priest!
The orc priest is almost dead.
The orc priest hits you with a +0 trident.
You die...

#)......# #+#
+.......# #.#
......> #.#
#....#####.#
#..........#
+..........#
.#####..........###
..
.....'.))o........#
. #).†@.....##.# #
+....<.....#.# # #
#..........#.# #.#
#..........#.# ..#.
#..........#.# ....
#######..........#.#
#####
#..........#####.#.#
....# #..........#
#.#.#
....###..........#
#.#.#


You could see an orc priest.

Vanquished Creatures
  An orc priest (D:3)
  An orc wizard (D:3)
  Crazy Yiuf (D:2)
  Terence (D:2)
  An adder (D:2)
  An ooze (D:3)
  3 worms
  2 dart slugs (D:2)
  An orc (D:3)
  A ball python (D:3)
  4 bats
  3 giant cockroaches
  6 goblins
  6 hobgoblins
  6 jackals
  10 kobolds
  A frilled lizard (D:2)
  8 rats
57 creatures vanquished.

Notes
Turn   | Place    | Note
-------+----------+-------------------------------------------
     0 | D:1      | Myrm the Troll Monk began the quest for the Orb.
     0 | D:1      | Reached XP level 1. HP: 22/22 MP: 0/0
   337 | D:1      | Reached XP level 2. HP: 29/29 MP: 1/1
  1011 | D:2      | Reached XP level 3. HP: 17/36 MP: 2/2
  1196 | D:2      | Found an opulent altar of Gozag.
  1264 | D:2      | Reached skill level 1 in Short Blades
  1348 | D:2      | Found a glowing golden altar of the Shining One.
  1350 | D:2      | Noticed Terence
  1357 | D:2      | Killed Terence
  1357 | D:2      | Reached XP level 4. HP: 42/44 MP: 3/3
  1396 | D:2      | Became a worshipper of the Shining One
  1396 | D:2      | Reached * piety under the Shining One
  1396 | D:2      | Reached ** piety under the Shining One
  1601 | D:2      | Found a runed translucent door.
  1602 | D:2      | Noticed Crazy Yiuf
  1618 | D:2      | Killed Crazy Yiuf
  2367 | D:3      | Reached XP level 5. HP: 25/53 MP: 1/4
  2386 | D:3      | Slain by an orc priest

Levels and vault maps discovered:
D:1:      grunt_arrival_lava_bath, layout_loops_corners, corner_web_ring
D:2:      layout_loops_cross, lemuel_doored_altar, grunt_gozag_breadcrumbs,
          uniq_crazy_yiuf_cottage, uniq_terence
D:3:      layout_basic

Skill      XL: |  1  2  3  4 |
---------------+-------------+-----
Short Blades   | 1 2 |  2.5
Dodging        | 3 |  3.1
Fighting       | 3 |  3.0
Stealth        | |  1.3
Unarmed Combat | |  3.5
Invocations    | |  0.1

Action                   |  1- 3 |  4- 6 || total
-------------------------+-------+-------++-------
Melee: Short sword       |    97 |     4 ||   101
       Unarmed           |    11 |       ||    11
       Punch             |     2 |       ||     2
       Rapier            |       |    77 ||    77
Invok: Divine Shield     |       |     1 ||     1
 Abil: Evoke Berserk Rag |       |     1 ||     1
  Use: Scroll            |     5 |     1 ||     6
       Potion            |     2 |     1 ||     3
 Stab: Sleeping          |     2 |       ||     2
  Eat: Chunk             |    15 |     5 ||    20
       Ration            |       |     1 ||     1
Armor: Robe              |    44 |    65 ||   109
Dodge: Dodged            |    61 |    54 ||   115
Block: Other             |       |    17 ||    17

Table legend:
 A = Non-vault XP
 B = Vault XP
 C = Vault XP percentage of total XP
 D = Non-vault monster count
 E = Vault monster count
 F = Vault count percentage of total count
                 A         B        C        D         E       F
            +---------+---------+-------+---------+---------+-------
      Total |     201 |      75 |  27.2 |      55 |       2 |   3.5
            +---------+---------+-------+---------+---------+-------
        D:1 |      30 |       0 |   0.0 |      18 |       0 |   0.0
        D:2 |      49 |      75 |  60.5 |      17 |       2 |  10.5
        D:3 |     122 |       0 |   0.0 |      20 |       0 |   0.0
            +---------+---------+-------+---------+---------+-------
